 Dungeon Crawl Stone Soup version 0.28-a0-751-gef3a642a4e (webtiles) character file.

Game seed: 11839679912012732748

4 lawman0 the Magician (level 1, 0/15 HPs)
             Began as a Djinni Summoner on Oct 30, 2021.
             Frozen to death by an endoplasm (6 damage)
             ... on level 1 of the Dungeon.
             The game lasted 00:00:36 (351 turns).

lawman0 the Magician (Djinni Summoner)               Turns: 351, Time: 00:00:37

Health: 0/15       AC:  2    Str:  7    XL:     1   Next: 66%
Gold:   18         EV: 12    Int: 16    God:
                   SH:  0    Dex: 13

rFire   + + .      SeeInvis .   b - +0 club
rCold   x . .      Faith    .   (no shield)
rNeg    . . .      Spirit   .   a - +0 robe
rPois   ∞          Reflect  .   (no helmet)
rElec   .          Harm     .   (no cloak)
rCorr   .          Rampage  .   (no gloves)
Will    .....                   (boots unavailable)
Stlth   ++........              (no amulet)
HPRegen 0.05/turn               (no ring)
MPRegen 0.00/turn               (no ring)

@: flying
A: sickness immunity, fire resistance 2, cold vulnerability 1, float, innate
caster, hp casting, extra vitality 1
a: no special abilities


You were on level 1 of the Dungeon.
You visited 1 branch of the dungeon, and saw 1 of its levels.

You collected 18 gold pieces.

Inventory:

Hand Weapons
 b - a +0 club (weapon)
Armour
 a - a +0 robe (worn)


   Skills:
 + Level 2.1 Dodging
 + Level 1.5 Stealth
 * Level 3.4 Spellcasting


You couldn't memorise any spells.
You knew the following spells:

 Your Spells              Type           Power      Damage    Failure   Level
a - Summon Small Mammal   Summ           52%        N/A       4%          1
b - Call Imp              Summ           13%        N/A       7%          2
c - Call Canine Familiar  Summ           13%        N/A       13%         3
d - Summon Guardian Gole  Hex/Summ       13%        N/A       13%         3
e - Summon Lightning Spi  Summ/Air       13%        N/A       41%         4
Your spell library was empty.

Dungeon Overview and Level Annotations

Branches:
Dungeon (1/15)

Altars:


Innate Abilities, Weirdness & Mutations

You are immune to sickness and miasma.
You are immune to poison.
Your flesh is very heat resistant. (rF++)
You are vulnerable to cold. (rC-)
You float through the air rather than walking.
You learn spells naturally, not from books.
Your magical power is your life essence.
You have superior vitality. (+4 HP)


Message History

You swap places.
You start resting.
Your bat disappears in a puff of smoke! x2
You start resting.
HP restored.
There is an open door here.
You reach down and open the door.
There is an open door here.
As you open the door, it creaks loudly!
There is an open door here.
You now have 18 gold pieces.
An endoplasm comes into view.
Found a faded altar of an unknown god.
An endoplasm is nearby!
An endoplasm is nearby!
Found a robe.
Casting: Summon Small Mammal (safe; 4% risk of failure)
Confirm with . or Enter, or press ? or * to list all spells.
Casting: Summon Small Mammal (safe; 4% risk of failure)
Confirm with . or Enter, or press ? or * to list all spells.
The endoplasm quivers.
The endoplasm misses your rat.
Your rat bites the endoplasm.
Your bat hits the endoplasm but does no damage.
The endoplasm freezes your rat.
Your rat is frozen.
Your rat dies!
Your rat's corpse disappears in a puff of smoke!
The endoplasm quivers.
Unknown command.
Unknown command.
Your bat barely misses the endoplasm.
The endoplasm freezes you.
You are frozen!
You feel a terrible chill!
Unknown command.
You barely miss the endoplasm.
The endoplasm is heavily wounded.
Your bat hits the endoplasm but does no damage.
The endoplasm freezes you.
You are frozen.
You feel a terrible chill!
You die...

##'## ##...## ## ##.....##
#### ##P####.......##
###..####..P##.........###
#...P.P#P...##.........'..
#.###.##.≈b.♣#.........###
#.# #.#..≈J._##.......###
#.# #P.#.@≈[♣###........#
#.# ##P#P...# ##...###.#
#.# #.###..P# ##'## #.#
#.# #.####P## #.# #.#
#.###.##.##### #.# ###
#............# ##.##
#####.##.###.####...##
##..........#.....#
#...#.###.#.##...##


You could see an endoplasm (ally target) and a friendly bat (summoned).

Vanquished Creatures (collateral kills)
  An endoplasm (D:1)
  A goblin (D:1)
  A hobgoblin (D:1)
3 creatures vanquished.

Notes
Turn   | Place    | Note
-------+----------+-------------------------------------------
     0 | D:1      | lawman0 the Djinni Summoner began the quest for the Orb.
     0 | D:1      | Reached XP level 1. HP: 15/15 MP: 0/0
   345 | D:1      | Found a faded altar of an unknown god.
   351 | D:1      | Frozen to death by an endoplasm

Illustrated notes

Levels and vault maps discovered:
D:1:      minmay_arrival_doors, layout_loops_corners,
          dreamdust_ecumenical_altar_hidden_monk_grotto, serial_aquarium,
          aquarium_bridge_square [aquarium_subvault_bridge,
          aquarium_subvault_wall, aquarium_subvault_wall,
          aquarium_subvault_wall], aquarium_bridge_straight
          [aquarium_subvault_bridge, aquarium_subvault_wall,
          aquarium_subvault_bridge, aquarium_subvault_wall], aquarium_window_2,
          aquarium_window_corner, aquarium_view_2f, aquarium_pool_1,
          minmay_distorted

Action                   || total
-------------------------++-------
Melee: Club              ||     3
 Cast: Summon Small Mamm ||     7
Dodge: Dodged            ||     2

Table legend: (Time is in decaauts)
 A = Elapsed time spent in this place.
 B = Non-inter-level travel time spent in this place.
 C = Inter-level travel time spent in this place.
 D = Time resting spent in this place.
 E = Time spent auto-exploring this place.
 F = Levels seen in this place.
 G = Mean time per level.
                   A        B        C        D        E       F      G
               +--------+--------+--------+--------+--------+-----+--------+
         Total |    351 |    351 |      0 |    149 |    160 |   1 |  351.0 |
       Dungeon |    351 |    351 |      0 |    149 |    160 |   1 |  351.0 |
               +--------+--------+--------+--------+--------+-----+--------+

Top non-repeatable levels by time:
     D:1: 351 daAuts
